 Dungeon Crawl Stone Soup version 0.17-a0-1056-g838d5c0 (webtiles) character file.

8817 Hanyuu the Martial Artist (level 11, -3/74 HPs)
             Began as an Octopode Transmuter on May 16, 2015.
             Was the Champion of Makhleb.
             Slain by Donald
             ... wielding a +0 war axe
              (8 damage)
             ... on level 3 of the Orcish Mines.
             The game lasted 00:51:21 (13128 turns).

Hanyuu the Martial Artist (Octopode Transmuter)    Turns: 13128, Time: 00:51:21

Health: -3/74      AC:  2    Str: 10    XL:     11   Next: 36%
Magic:  10/16      EV: 24    Int: 18    God:    Makhleb [******]
Gold:   1273       SH:  0    Dex: 18    Spells: 4 memorised, 7 levels left

rFire  + . .     SeeInvis .       - Unarmed
rCold  x . .     Clarity  .     (shield currently unavailable)
rNeg   . . .     SustAb   .     (helmet currently unavailable)
rPois  x         Gourm    .     o - amulet of regeneration
rElec  .         Spirit   .     I - ring of fire
rCorr  .         Warding  .     K - ring of protection from magic
rMut   .         Stasis   .     (no ring)
MR     +....                    (no ring)
Stlth  ++........               (no ring)
                                (no ring)
                                (no ring)
                                (no ring)

@: spider-form, drained, somewhat resistant to hostile enchantments, unstealthy
A: almost no armour, amphibious, 8 rings, (constrict 8), (camouflage 0),
(gelatinous body 0)
a: End Transformation, Minor Destruction, Lesser Servant of Makhleb, Major
Destruction, Greater Servant of Makhleb, Renounce Religion


You were on level 3 of the Orcish Mines.
You worshipped Makhleb.
Makhleb was exalted by your worship.
You were very hungry.
You were a venomous arachnid creature.
You visited 4 branches of the dungeon, and saw 14 of its levels.
You also visited: Sewer.

You collected 1273 gold pieces.

Inventory:

Hand weapons
 a - a +2 blowgun
Missiles
 s - 26 tomahawks (quivered)
 F - 10 poisoned needles
 G - 132 arrows
 N - 4 throwing nets
Magical staves
 L - an uncursed staff of earth
Jewellery
 o - an amulet of regeneration (around neck)
 p - an uncursed amulet of faith
 I - a ring of fire (left front leg)
 K - a ring of protection from magic (right front leg)
Magical devices
 r - a wand of flame (23)
 z - a wand of teleportation (5)
 E - a wand of slowing (22)
 M - a wand of slowing (30)
Scrolls
 d - 2 scrolls of teleportation
 e - 2 scrolls of fear
 i - 4 scrolls of remove curse
 x - 2 scrolls of magic mapping
 y - a scroll of immolation
 J - a scroll of amnesia
 O - a scroll of identify
Potions
 g - 3 potions of might
 h - 6 potions of curing
 j - 3 potions of lignification
 m - 4 potions of brilliance
 n - 5 potions of magic
 q - 2 potions of invisibility
 u - 2 potions of ambrosia {unknown}
 w - 2 potions of heal wounds
 A - 4 potions of flight
 C - a potion of mutation {unknown}
 D - a potion of cure mutation {unknown}
Books
 b - a book of Changes

   Spells                             Type                      Level
   a - Beastly Appendage              Transmutation                1
   b - Sticks to Snakes               Transmutation                2
   c - Spider Form                    Transmutation/Poison         3
   d - Ice Form                       Ice/Transmutation            4
   e - Blade Hands                    Transmutation                5
 Q - a book of the Earth

   Spells                             Type                      Level
   a - Leda's Liquefaction            Hexes/Earth                  4
   b - Bolt of Magma                  Conjuration/Fire/Earth       5
   c - Statue Form                    Transmutation/Earth          6
   d - Iron Shot                      Conjuration/Earth            6
   e - Shatter                        Earth                        9
Comestibles
 c - 11 bread rations
 f - 4 meat rations
 k - 9 royal jellies
 l - 2 chunks of flesh
 t - 7 fruits
 B - 5 beef jerkies


   Skills:
 + Level 6.7(6.1) Fighting
 - Level 3.1(2.5) Throwing
 + Level 5.8(5.2) Dodging
 * Level 12.6(12.0) Unarmed Combat
 + Level 3.8(3.2) Spellcasting
 - Level 7.0(6.4) Transmutations


You had 7 spell levels left.
You knew the following spells:

 Your Spells              Type           Power        Failure   Level  Hunger
a - Beastly Appendage     Trmt           ####..       6%          1    None
b - Sticks to Snakes      Trmt           ####......   8%          2    ##.....
c - Spider Form           Trmt/Pois      ##........   32%         3    ###....
d - Ice Form              Ice/Trmt       #.......     63%         4    ####...


Dungeon Overview and Level Annotations

Branches:
Dungeon (9/15)             Temple (1/1) D:4            Lair (1/8) D:9
    Orc (3/4) D:9
    Elf: Orc:3-4

Altars:
Ashenzari
Cheibriados
Dithmenos
Elyvilon
Fedhas
Gozag
Kikubaaqudgha
Makhleb
Nemelex Xobeh
Okawaru
Qazlal
Ru
Sif Muna
Trog
Vehumet
Xom
Yredelemnul
Zin
The Shining One
Beogh

Annotations:
Orc:3 Donald


Innate Abilities, Weirdness & Mutations

You cannot wear most types of armour.
You are amphibious.
You can wear up to eight rings at the same time.
((You can use your tentacles to constrict eight enemies at once.))
((Your skin changes colour to match your surroundings (Stealth).))
((Your rubbery body absorbs attacks (AC +1).))


Message History

You bite Donald!
Donald is heavily wounded.
Donald hits you with a war axe!
Donald says, "I hate demons."
Your transformation is almost over.
Donald says, "I'll never be able to carry all this gold!
I hate that."
Donald says, "I hate complainers so much."
Donald blocks your attack.
Donald is heavily wounded.
Donald hits you with a war axe!!
* * * LOW HITPOINT WARNING * * *
Donald ponders, "They're ugly as hell, too!"
Your transformation has ended.
Read which item? (? for menu, Esc to quit)
Okay, then.
Casting: Spider Form
Confirm with . or Enter, or press ? or * to list all spells.
You turn into a venomous arachnid creature.
Donald hits you with a war axe!
You die...

#....≈.....#
##...≈≈≈..## ###
#..≈≈≈≈..# ....
###.####..≈.≈...#
....
##.....##..........
...
#...........##.....#
#.###...#.....##
##...≈
##.#.#..####### #..
#.......s### #.
##......#@.####
##..>....##....#####
##.....>)####.......#
#........#.##.......#
##.#.......#.......##
####........<....##
##...........##
####.......##


You could see Donald.

Vanquished Creatures
  An ugly thing (D:9)
  A cyclops (D:9)
  A komodo dragon (D:9)
  2 trolls (D:9)
  Grinder (D:3)
  Prince Ribbit (D:5)
  A deep elf mage (D:9)
  8 yaks
  Eustachio (D:5)
  A hungry ghost (D:8)
  3 basilisks (D:9)
  A soldier ant (D:9)
  A hippogriff (D:9)
  7 porcupines
  A warg (Orc:1)
  A wasp (D:9)
  A spider (D:9)
  5 orc warriors
  A sky beast (D:4)
  2 ice beasts (D:9)
  5 ogres
  2 big kobolds
  4 crocodiles (D:9)
  3 giant frogs
  A gnoll sergeant (D:9)
  A wyvern zombie (D:7)
  2 scorpions (D:4)
  2 crimson imps
  3 jellies
  A hound (D:5)
  A giant frog skeleton (D:5)
  2 iguanas
  Ijyb (D:2)
  2 gnoll shamans
  A centaur skeleton (D:5)
  13 orc wizards
  7 orc priests
  Natasha (thrice) (D:2)
  10 worker ants
  2 hound skeletons
  A worker ant zombie (D:6)
  2 river rats (D:9)
  10 adders
  17 gnolls
  2 shadow imps (D:6)
  2 oozes (D:3)
  2 adder skeletons
  6 worms
  9 giant geckos
  84 orcs
  3 ball pythons
  14 bats
  2 bat skeletons
  4 bat zombies (D:6)
  4 giant cockroaches
  20 hobgoblins
  10 jackals
  31 kobolds
  8 quokkas
  A giant gecko skeleton (D:6)
  9 giant newts
  21 goblins
  2 quokka skeletons
  A quokka zombie (D:5)
  18 rats
390 creatures vanquished.

Vanquished Creatures (others)
  A yak (D:9)
  A giant frog (D:9)
  A bush (D:9)
  2 fungi (D:9)
  8 plants (D:9)
13 creatures vanquished.

Grand Total: 403 creatures vanquished

Notes
Turn   | Place    | Note
--------------------------------------------------------------
     0 | D:1      | Hanyuu the Octopode Transmuter began the quest for the Orb.
     0 | D:1      | Reached XP level 1. HP: 13/13 MP: 3/3
    79 | D:1      | Reached XP level 2. HP: 15/18 MP: 5/5
   524 | D:1      | Reached skill level 4 in Unarmed Combat
   649 | D:2      | Reached XP level 3. HP: 23/23 MP: 4/6
   662 | D:2      | Learned a level 2 spell: Sticks to Snakes
   666 | D:2      | Learned a level 3 spell: Spider Form
   735 | D:2      | Noticed Natasha
   746 | D:2      | Killed Natasha
   746 | D:2      | Reached XP level 4. HP: 9/28 MP: 0/7
   797 | D:2      | Noticed Natasha
   807 | D:2      | Killed Natasha
  1098 | D:2      | Reached skill level 5 in Unarmed Combat
  1468 | D:2      | Noticed Natasha
  1505 | D:2      | Killed Natasha
  1765 | D:2      | Reached XP level 5. HP: 16/33 MP: 8/8
  2560 | D:2      | Noticed Ijyb
  2577 | D:2      | Killed Ijyb
  2938 | D:3      | Found a glowing drain.
  2973 | D:3      | Noticed Grinder
  2982 | Sewer    | Entered a sewer
  3027 | Sewer    | Reached skill level 6 in Unarmed Combat
  3027 | Sewer    | Reached XP level 6. HP: 36/38 MP: 5/9
  3749 | D:3      | Killed Grinder
  3749 | D:3      | Reached XP level 7. HP: 43/43 MP: 2/10
  3795 | D:3      | Found a shadowy altar of Dithmenos.
  3984 | D:3      | Found a blossoming altar of Fedhas.
  4020 | D:3      | Found a sparkling altar of Nemelex Xobeh.
  4087 | D:3      | Found a snail-covered altar of Cheibriados.
  4431 | D:4      | Reached skill level 7 in Unarmed Combat
  4716 | D:4      | Reached skill level 1 in Throwing
  4842 | D:4      | Found a staircase to the Ecumenical Temple.
  4860 | D:4      | Reached XP level 8. HP: 48/48 MP: 12/12
  4872 | Temple   | Entered the Ecumenical Temple
  4904 | Temple   | Became a worshipper of Makhleb the Destroyer
  4971 | D:4      | Found a white marble altar of Elyvilon.
  4972 | D:4      | Found a glowing silver altar of Zin.
  5322 | D:5      | Entered Level 5 of the Dungeon
  5322 | D:5      | Noticed Prince Ribbit
  5337 | D:5      | Killed Prince Ribbit
  5337 | D:5      | Reached skill level 8 in Unarmed Combat
  5876 | D:5      | Noticed Eustachio
  5901 | D:5      | Killed Eustachio
  5902 | D:5      | Acquired Makhleb's first power
  6280 | D:5      | Reached skill level 9 in Unarmed Combat
  6280 | D:5      | Reached skill level 5 in Transmutations
  6280 | D:5      | Reached XP level 9. HP: 53/53 MP: 13/13
  7124 | D:6      | Acquired Makhleb's second power
  8653 | D:8      | Found a shimmering altar of Xom.
  8929 | D:8      | Acquired Makhleb's third power
  9189 | D:8      | Learned a level 4 spell: Ice Form
  9272 | D:8      | Reached skill level 10 in Unarmed Combat
  9492 | D:8      | Found a bloodstained altar of Trog.
  9668 | D:9      | Reached skill level 5 in Dodging
  9758 | D:9      | Noticed a red ugly thing
  9770 | D:9      | Killed a red ugly thing
  9770 | D:9      | Reached XP level 10. HP: 49/65 MP: 10/14
  9805 | D:9      | Reached skill level 11 in Unarmed Combat
 10215 | D:9      | Noticed a cyclops
 10311 | D:9      | Reached skill level 5 in Fighting
 10356 | D:9      | Acquired Makhleb's fourth power
 10653 | D:9      | Found a staircase to the Orcish Mines.
 10868 | D:9      | Found a staircase to the Lair.
 11027 | D:9      | Reached skill level 12 in Unarmed Combat
 11075 | D:9      | Killed a cyclops
 11075 | D:9      | Acquired Makhleb's fifth power
 11075 | D:9      | Reached XP level 11. HP: 45/72 MP: 13/15
 11182 | D:9      | Found a deep blue altar of Sif Muna.
 11502 | Lair:1   | Entered Level 1 of the Lair of Beasts
 11502 | Lair:1   | Noticed a seven-headed hydra
 11640 | Orc:1    | Entered Level 1 of the Orcish Mines
 11841 | Orc:1    | Found a roughly hewn altar of Beogh.
 13040 | Orc:3    | Noticed Donald
 13121 | Orc:3    | HP: 1/74 [Donald/war axe (31)]
 13128 | Orc:3    | Slain by Donald

Vault maps used:
D:1:      dpeg_arrival_arbitrary_b
D:2:      kennysheep_goblin_castle, first_bread, minmay_misc_feat_doors,
          grunt_ministairs_1, dk_noncrumbling_3, uniq_natasha
D:3:      lemuel_round_altar, cheibriados_altar_wand_db, nemelex_deck,
          portal_sewer_entry_f, grunt_dithmenos_smoke_and_mirrors, uniq_grinder
D:4:      gammafunk_temple_overflow_pools, minmay_temple_entry_mist
D:5:      nrook_uturn, uniq_prince_ribbit1, uniq_eustachio
D:8:      old_standard_altar, kennysheep_mini
D:9:      lemuel_crystal_altar, minmay_lair_entry_grove, orc_0_dummy,
          hangedman_pestilent_swarm
Temple:   triangle_lava_temple_11
Lair:1:   minivault_11
Orc:1:    basic_altar
Orc:3:    nicolae_orc_accident_1, nicolae_orc_pool_cavern,
          nicolae_alphabet_shops, uniq_donald
Sewer:    kennysheep_pipe_town

Action                   |  1- 3 |  4- 6 |  7- 9 | 10-12 || total
-------------------------+-------+-------+-------+-------++-------
Melee: Unarmed           |    48 |   188 |   320 |   361 ||   917
 Fire: Blowgun           |       |       |    83 |    60 ||   143
Throw: Tomahawk          |       |       |       |     1 ||     1
 Cast: Beastly Appendage |     3 |     9 |    10 |     4 ||    26
       Spider Form       |     1 |     9 |    15 |    31 ||    56
 Abil: End Transformatio |       |       |       |     1 ||     1
  Use: Scroll            |       |    10 |     8 |     8 ||    26
       Potion            |       |     2 |       |     4 ||     6
 Stab: Sleeping          |     4 |     4 |    21 |     6 ||    35
       Distracted        |       |       |       |     1 ||     1
  Eat: Chunk             |       |    11 |    28 |    14 ||    53
       Pizza             |       |       |       |     1 ||     1
